 Dungeon Crawl Stone Soup version 0.25-a0-71-ge910a4a285 (webtiles) character file.

Game seed: 8794408632637182722, levelgen mode: classic

69 CasualChangeling the Chucker (level 4, 38/38 HPs)
             Began as a Draconian Hunter on July 1, 2019.
             Got out of the dungeon alive.
             The game lasted 00:04:05 (1842 turns).

CasualChangeling the Chucker (Draconian Hunter)     Turns: 1842, Time: 00:04:06

Health: 38/38      AC:  5    Str: 16    XL:     4   Next: 2%
Magic:  4/4        EV: 12    Int: 11    God:
Gold:   27         SH:  0    Dex: 11    Spells: 3/3 levels left

rFire    . . .     SeeInvis .   a - +0 short sword
rCold    . . .     Gourm    .   (no shield)
rNeg     . . .     Faith    .   (armour unavailable)
rPois    .         Spirit   .   (helmet restricted)
rElec    .         Reflect  .   (no cloak)
rCorr    .         Harm     .   (no gloves)
MR       .....                  (no boots)
Stlth    ++........             h - amulet of inaccuracy (curse)
HPRegen  0.12/turn              (no ring)
MPRegen  0.09/turn              (no ring)

@: no status effects
A: unfitting armour, cold-blooded, AC +5
a: no special abilities


You escaped.
You were not hungry.

You visited 1 branch of the dungeon, and saw 2 of its levels.

You collected 27 gold pieces.

Inventory:

Hand Weapons
 a - a +0 short sword (weapon)
Missiles
 b - 12 javelins (quivered)
 c - 2 throwing nets
Jewellery
 h - a cursed amulet of inaccuracy (around neck)
Scrolls
 i - a scroll of identify
Potions
 e - a potion of curing {unknown}
 g - a potion of flight {unknown}
Comestibles
 d - 2 rations


   Skills:
 + Level 3.0 Fighting
 + Level 1.3 Short Blades
 + Level 4.0 Throwing
 + Level 2.4 Dodging
 - Level 1.3 Stealth


You had 3 spell levels left.
You didn't know any spells.
Your spell library was empty.

Dungeon Overview and Level Annotations

Branches:
Dungeon (2/15)

Altars:


Innate Abilities, Weirdness & Mutations

Your plain brown scales are hard. (AC +5)
You cannot fit into any form of body armour.
You are cold-blooded and may be slowed by cold attacks.


Message History

The bat barely misses you.
There is a stone staircase leading up here.
The bat closely misses you.
You climb upwards.
There is a stone staircase leading down here.
You start resting.
Some of the chunks of flesh in your inventory have rotted away. x3
All of the chunks of flesh in your inventory have rotted away.
HP restored.
Welcome back, CasualChangeling the Draconian Hunter.
Press ? for a list of commands and other information.
Welcome back, CasualChangeling the Draconian Hunter.
Press ? for a list of commands and other information.
Saving game... please wait.
Welcome back, CasualChangeling the Draconian Hunter.
Press ? for a list of commands and other information.
There is a staircase leading out of the dungeon here.
You can't go down here!
Are you sure you want to leave the Dungeon?
This will make you lose the game!
You have escaped!

#.##.......##...#.#.## #.
##.##.##.#.##.....#.## #.
#...#.##.#.###...##.# #.
#........#.####.###.########.
#...#.####..##..#............
####.................########
#.###'#######+###.#
#.#..⌠...>...⌠..#.# ##
#.#......@......#.## .#
#.'⌠...)###....⌠+..# .#
#.#.............#..# .#
#÷#######'#######..# .#
#####.#.............#..#####
.###.....#.............#......#
.#...###.#.............#.####.#
.#.#.# #.###############.# #.#
.#.#.###.................# #.#


There were no monsters in sight!

Vanquished Creatures
  3 oozes (D:1)
  2 worms (D:1)
  5 giant cockroaches (D:1)
  4 goblins (D:1)
  6 hobgoblins (D:1)
  7 jackals (D:1)
  A kobold (D:1)
  5 bats (D:1)
  4 frilled lizards (D:1)
  10 rats (D:1)
47 creatures vanquished.

Notes
Turn   | Place    | Note
-------+----------+-------------------------------------------
     0 | D:1      | CasualChangeling the Draconian Hunter began the quest for
                  | the Orb.
     0 | D:1      | Reached XP level 1. HP: 17/17 MP: 1/1
     1 | D:1      | Found a runed translucent door.
    84 | D:1      | Reached skill level 1 in Stealth
   132 | D:1      | Reached XP level 2. HP: 24/25 MP: 2/2
   806 | D:1      | Reached XP level 3. HP: 27/30 MP: 3/3
  1440 | D:1      | Reached skill level 1 in Short Blades
  1525 | D:1      | Reached skill level 4 in Throwing
  1620 | D:1      | Reached XP level 4. HP: 15/38 MP: 4/4
  1839 | D:1      | Upgraded the game from 0.24-a0-462-ge24419a6ad to
                  | 0.24-a0-479-g9a978d2894
  1839 | D:1      | Upgraded the game from 0.24-a0-479-g9a978d2894 to
                  | 0.25-a0-71-ge910a4a285
  1842 | D:$      | Got out of the dungeon alive.

Levels and vault maps discovered:
D:1:      dpeg_arrival_caged_fury, layout_loops_corners, minmay_misc_feat_roman
D:2:      layout_rooms, elyvilon_altar_5, nicolae_overflow_crystal_walls,
          minmay_box_of_dots

Skill      XL: |  1  2  3 |
---------------+----------+-----
Stealth        | 1 |  1.3
Dodging        | 2 |  2.4
Short Blades   | 1 |  1.3
Fighting       | 3 |  3.0
Throwing       | 4 |  4.0

Action                   |  1- 3 |  4- 6 || total
-------------------------+-------+-------++-------
Melee: Short sword       |   219 |     5 ||   224
       Tailslap          |    21 |     3 ||    24
Throw: Javelin           |    15 |       ||    15
  Use: Scroll            |     2 |       ||     2
 Stab: Sleeping          |     1 |       ||     1
  Eat: Chunk             |     2 |     1 ||     3
Armor: Skin              |    84 |     4 ||    88
Dodge: Dodged            |   152 |    12 ||   164

Table legend:
 A = Non-vault XP
 B = Vault XP
 C = Vault XP percentage of total XP
 D = Non-vault monster count
 E = Vault monster count
 F = Vault count percentage of total count
                 A         B        C        D         E       F
            +---------+---------+-------+---------+---------+-------
      Total |      59 |      40 |  40.4 |      34 |      13 |  27.7
            +---------+---------+-------+---------+---------+-------
        D:1 |      59 |      40 |  40.4 |      34 |      13 |  27.7
            +---------+---------+-------+---------+---------+-------
